 Dungeon Crawl Stone Soup version 0.29-a0-521-g59ce8b2d47 (webtiles) character file.

Game seed: 613228480026093715

76 Nedwor the Twirler (level 4, -8/28 HPs)
             Began as a Gargoyle Gladiator on June 1, 2022.
             Killed by divine providence
             ... invoked by an orc priest
              (16 damage)
             ... on level 3 of the Dungeon.
             The game lasted 00:02:29 (2180 turns).

Nedwor the Twirler (Gargoyle Gladiator)             Turns: 2180, Time: 00:02:30

Health: -8/28      AC:  8    Str: 19    XL:     4   Next: 32%
Magic:  4/4        EV: 12    Int:  9    God:
Gold:   166        SH:  0    Dex: 11    Spells: 3/3 levels left

rFire   . . .      SeeInvis .   a - +0 quarterstaff
rCold   . . .      Faith    .   (shield currently unavailable)
rNeg    + . .      Spirit   .   b - +0 leather armour
rPois   ∞          Reflect  .   c - +0 helmet
rElec   +          Harm     .   (no cloak)
rCorr   .          Rampage  .   (no gloves)
Will    .....                   n - +0 pair of boots
Stlth   +.........              (no amulet)
HPRegen 0.09/turn               (no ring)
MPRegen 0.09/turn               (no ring)

@: no status effects
A: sickness immunity, AC +3, negative energy resistance 1, electricity
resistance, torment resistance 1, petrification resistance
a: no special abilities


You were on level 3 of the Dungeon.
You visited 1 branch of the dungeon, and saw 3 of its levels.

You collected 166 gold pieces.

Inventory:

Hand Weapons
 a - a +0 quarterstaff (weapon)
 p - a +1 whip of draining
Missiles
 d - 3 throwing nets (quivered)
 e - a javelin
Armour
 b - a +0 leather armour (worn)
 c - a +0 helmet (worn)
 n - a +0 pair of boots (worn)
Jewellery
 h - a ring of positive energy
Scrolls
 f - 4 scrolls of teleportation {unknown}
 g - 3 scrolls of identify {unknown}
 i - a scroll of vulnerability {unknown}
 j - 3 scrolls of poison {unknown}
 k - a scroll of noise {unknown}
 o - 3 scrolls of fear {unknown}
 r - a scroll of summoning {unknown}
Potions
 l - a potion of curing {unknown}
 m - a potion of resistance {unknown}
 q - a potion of brilliance {unknown}


   Skills:
 + Level 3.2 Fighting
 * Level 4.4 Staves
 - Level 1.7 Throwing
 - Level 2.4 Dodging


You had 3 spell levels left.
You didn't know any spells.
Your spell library was empty.

Dungeon Overview and Level Annotations

Branches:
Dungeon (3/15)

Altars:

Shops:
D:1 *   D:2 :


Innate Abilities, Weirdness & Mutations

You are immune to sickness and miasma.
Your stone body is resilient. (AC +3)
You are immune to poison.
You resist negative energy. (rN+)
You are resistant to electric shocks. (rElec)
You are resistant to unholy torment.
You are immune to petrification.


Message History

You see here a +0 hand axe.
You barely miss the orc. The orc barely misses you.
You thump the orc!
You kill the orc!
The orc barely misses you.
You sock the orc priest!
The orc priest is heavily wounded.
The orc hits you with a +0 whip.
The orc priest calls down the wrath of Beogh upon you.
Beogh smites you!
You barely miss the orc priest.
The orc priest is heavily wounded.
The orc closely misses you. The orc barely misses you.
The orc priest hits you with a +0 dagger.
You are too injured to fight recklessly!
You are too injured to fight recklessly!
You are too injured to fight recklessly!
You hit the orc.
The orc is heavily wounded.
The orc closely misses you. The orc hits you but does no damage.
The orc closely misses you.
The orc priest hits you but does no damage.
The orc hits you with a +0 whip.
You hit the orc.
You kill the orc!
The orc barely misses you.
The orc priest mumbles some strange prayers to Beogh against you.
Pain shoots through your body! The orc hits you but does no damage.
The orc completely misses you.
The orc priest miscasts a cantrip.
Things that are here:
a +0 hand axe; an orc corpse The orc attacks as you move away!
The orc hits you but does no damage.
The orc priest hits you with a +0 dagger.
* * * LOW HITPOINT WARNING * * *
The orc hits you but does no damage.
The orc priest mumbles some strange prayers to Beogh against you.
Beogh smites you!
Ouch! That really hurt!
You die...

...### ####....
.....#.....# ## .......
....#########.......# #.
...####
#.........###......####.
...#
#...≈...≈..##..#........
...#
#..........$#..########.
...# #....).....⌠#..#
#.... ####
#..........$#..# #+##.
#.).≈ooo≈..##..# #.....
#......@..###..####.....
#..#########......+.....
#............######.....
#.############ ######
#.# #.# #.# #.# ...


You could see an orc priest and 2 orcs.

Vanquished Creatures
  An adder (D:2)
  4 orcs (D:3)
  6 endoplasms
  A giant cockroach (D:2)
  5 goblins
  5 hobgoblins
  7 jackals (D:3)
  6 kobolds
  5 ball pythons
  7 bats
  6 frilled lizards
  7 rats
60 creatures vanquished.

Notes
Turn   | Place    | Note
-------+----------+-------------------------------------------
     0 | D:1      | Nedwor the Gargoyle Gladiator began the quest for the Orb.
     0 | D:1      | Reached XP level 1. HP: 12/12 MP: 1/1
   177 | D:1      | Reached XP level 2. HP: 18/18 MP: 2/2
   697 | D:1      | Found Duchiyhu's Assorted Antiques.
  1019 | D:2      | Reached XP level 3. HP: 22/22 MP: 3/3
  1194 | D:2      | Found Hiohops's Book Shop.
  1291 | D:2      | Reached skill level 4 in Staves
  1970 | D:3      | Reached XP level 4. HP: 27/28 MP: 4/4
  2180 | D:3      | Killed from afar by an orc priest

Illustrated notes

Levels and vault maps discovered:
D:1:      dpeg_arrival_connections, layout_basic, serial_shops,
          nicolae_shop_hallway_plus
D:2:      layout_basic, serial_shops, shop, dk_vineyard_3
D:3:      cheibrodos_pilgrimage, layout_basic, lightli_sewer_entry_pipes,
          nicolae_concentric_dashed_squares_wild, st_stairs_2

Skill      XL: |  1  2  3 |
---------------+----------+-----
Fighting       | 3 |  3.2
Staves         | 4 |  4.4
Throwing       | |  1.7
Dodging        | |  2.4

Action                   |  1- 3 |  4- 6 || total
-------------------------+-------+-------++-------
Melee: Quarterstaff      |   157 |    33 ||   190
Armor: Leather armour    |    74 |    20 ||    94
Dodge: Dodged            |   112 |    39 ||   151

Table legend: (Time is in decaauts)
 A = Elapsed time spent in this place.
 B = Non-inter-level travel time spent in this place.
 C = Inter-level travel time spent in this place.
 D = Time resting spent in this place.
 E = Time spent auto-exploring this place.
 F = Levels seen in this place.
 G = Mean time per level.
                   A        B        C        D        E       F      G
               +--------+--------+--------+--------+--------+-----+--------+
         Total |   2202 |   2078 |    124 |      0 |   1671 |   3 |  734.0 |
       Dungeon |   2202 |   2078 |    124 |      0 |   1671 |   3 |  734.0 |
               +--------+--------+--------+--------+--------+-----+--------+

Top non-repeatable levels by time:
     D:1: 1020 daAuts
     D:2: 764 daAuts
     D:3: 417 daAuts
